 Dungeon Crawl Stone Soup version 0.29-a0-559-g359e09b9d1 (console) character file.

Game seed: 8345810247797402200

40653 jejorda2 the Severer (level 13, 0/104 HPs)
             Began as a Palentonga Berserker on June 9, 2022.
             Was a High Priest of Trog.
             Engulfed by a cloud of freezing vapour (12 damage)
             ... in an ice cave.
             The game lasted 00:57:51 (17188 turns).

jejorda2 the Severer (Palentonga Berserker)        Turns: 17188, Time: 00:57:51

Health: 0/104      AC: 24    Str: 24    XL:     13   Next: 75%
Magic:  13/13      EV: 10    Int:  7    God:    Trog [*****.]
Gold:   543        SH:  8    Dex:  9    Spells: 12/12 levels left

rFire   . . .      SeeInvis +   a - +2 broad axe {speed, rElec rC+}
rCold   + . .      Faith    +   g - +3 buckler of Marinaho {Dex+2 Slay+4}
rNeg    . . .      Spirit   .   W - +2 plate armour {Will+}
rPois   +          Reflect  .   s - +2 helmet
rElec   +          Harm     .   K - +0 cloak
rCorr   +          Rampage  .   e - +2 pair of gloves
Will    ++...                   (no barding)
Stlth   ..........              t - amulet of faith
HPRegen 0.27/turn               E - +4 ring of protection
MPRegen 0.13/turn               J - ring "Duoxt" {rPois Will+ rCorr EV+4 Dex-5}

@: on berserk cooldown, slowed, very slow
A: large, rugged brown scales 3, see invisible, deformed body, roll 1, armoured
tail, reflexive curl
a: Rolling Charge, Renounce Religion, Berserk, Trog's Hand, Brothers in Arms


You were in an ice cave.
You worshipped Trog.
Trog was extremely pleased with you.
You visited 3 branches of the dungeon, and saw 16 of its levels.
You also visited: Ossuary and Ice Cave.

You collected 955 gold pieces.
You spent 412 gold pieces at shops.

Inventory:

Hand Weapons
 a - the +2 broad axe of Exquisite Torment (weapon) {speed, rElec rC+}
   (You acquired it on level 6 of the Dungeon)

   Attacks with this weapon are significantly faster.
   rC:        It protects you from cold.
   rElec:     It insulates you from electricity.
 b - a +1 broad axe of flaming
 T - a +4 antimagic broad axe
Missiles
 i - 690 stones
 j - 44 poisoned darts
 m - a throwing net
 q - 6 javelins
 y - 15 boomerangs
 Q - a curare-tipped dart
Armour
 e - a +2 pair of gloves (worn)
 g - the +3 buckler of Marinaho (worn) {Dex+2 Slay+4}
   (You found it on level 5 of the Dungeon)

   Dex:       It affects your dexterity (+2).
   Slay:      It affects your accuracy & damage with ranged weapons and melee
   (+4).
 s - a +2 helmet (worn)
 K - a +0 cloak (worn)
 W - a +2 plate armour of willpower (worn)
Jewellery
 t - an amulet of faith (around neck)
 E - a +4 ring of protection (left hand)
 J - the ring "Duoxt" (right hand) {rPois Will+ rCorr EV+4 Dex-5}
   (You found it on level 1 of the Lair of Beasts)

   [ring of evasion]

   EV:        It affects your evasion (+4).
   Dex:       It affects your dexterity (-5).
   rPois:     It protects you from poison.
   rCorr:     It protects you from acid and corrosion.
   Will:      It increases your willpower.
Wands
 h - a wand of polymorph (16)
 p - a wand of charming (3)
 z - a wand of acid (5)
 A - a wand of digging (8)
 I - a wand of paralysis (17)
 L - a wand of mindburst (25)
 N - a wand of iceblast (10)
 O - a wand of flame (13)
Scrolls
 n - 6 scrolls of identify
 u - 2 scrolls of silence
 w - 4 scrolls of teleportation
 C - 3 scrolls of fog
 D - 4 scrolls of blinking
 F - 2 scrolls of magic mapping
 H - 3 scrolls of immolation
 P - a scroll of fear
Potions
 d - 5 potions of invisibility
 f - 3 potions of resistance
 k - 3 potions of heal wounds
 l - 6 potions of haste
 r - 11 potions of curing
 v - 3 potions of mutation
 x - 5 potions of lignification
 B - 7 potions of flight
 R - a potion of ambrosia
 U - a potion of might


   Skills:
 + Level 7.9 Fighting
 - Level 17.9(18.0) Axes
 - Level 1.4(11.8) Maces & Flails
 - Level 6.0 Armour
 - Level 6.0 Dodging
 + Level 7.6 Shields
 - Level 6.0 Evocations


You had 12 spell levels left.
You didn't know any spells.
Your spell library was empty.

Dungeon Overview and Level Annotations

Branches:
Dungeon (12/15)            Temple (1/1) D:4            Lair (3/6) D:9
 Shoals (0/4) Lair:3          Orc (0/2) D:12        Ossuary (visited)
  IceCv (1/1)
  Snake: Lair:2-4    Spider: Lair:2-4

Altars:
Ashenzari
Dithmenos
Elyvilon
Hepliaklqana
Kikubaaqudgha
Makhleb
Nemelex Xobeh
Sif Muna
Uskayaw
Vehumet
Wu Jian
Xom
Zin

Shops:
D:4 [   D:6 [   D:11 [

Portals:
Abyss: D:5

Annotations:
D:5 2 transporters, bande's ghost, novice GnWn
D:8 exclusion: door


Innate Abilities, Weirdness & Mutations

You are completely covered in rugged brown scales. (AC +3, +7% HP)
You have supernaturally acute eyesight. (SInv)
Armour fits poorly on your strangely shaped body.
You can roll at nearby foes to attack.
You have a long armoured tail.
You curl defensively after being hit. (AC +7*)


Message History

The death yak simulacrum is severely damaged.
You slash the white imp!
You kill the white imp!
Trog accepts your kill.
You slice the death yak simulacrum!!
You feel the power of Trog in you as your rage grows.
The death yak simulacrum vaporises!
Trog accepts your kill.
You start resting.
A naga simulacrum is nearby!
You feel a strong urge to attack something.
You are engulfed in freezing vapours.
You resist.
Okay, then.
You feel your anger nearly subside.
You are engulfed in freezing vapours.
You resist. You block the naga simulacrum's attack.
The naga simulacrum grabs you. The naga simulacrum constricts you.
You slash the naga simulacrum!
You feel the power of Trog in you as your rage grows.
The naga simulacrum vaporises!
Trog accepts your kill.
You are engulfed in freezing vapours.
You resist.
You are engulfed in freezing vapours.
You resist.
You feel a strong urge to attack something.
You are engulfed in freezing vapours.
You resist.
You are engulfed in freezing vapours.
You resist.
* * * LOW HITPOINT WARNING * * *
You feel your anger nearly subside.
You are no longer berserk.
You are exhausted.
You feel yourself slow down.
You start resting.
You are engulfed in freezing vapours.
You resist.
* * * LOW HITPOINT WARNING * * *
You are engulfed in freezing vapours.
You resist.
* * * LOW HITPOINT WARNING * * *
You are engulfed in freezing vapours.
You resist.
* * * LOW HITPOINT WARNING * * *
A white imp comes into view.
You are engulfed in freezing vapours.
You resist.
You die...

#...5...# .......
......# ..... ...§
##.§ ##§§# #☼#@###
#°§§☼○### #§§○☼§.○#
#####☼☼§○§##
##..###§#..##
##....#####..##
#.......##☼...#
#.∩.∩.....§.#....5.
#........○§###.....


You could see a white imp (asleep).

Vanquished Creatures
  4 hydras
  A boulder beetle (D:12)
  A centaur warrior (D:12)
  A catoblepas (Lair:2)
  An ice dragon (D:12)
  8 two-headed ogres
  A tengu warrior (D:12)
  Nergalle (Lair:2)
  Pikel (D:6)
  2 deep elf pyromancers (D:12)
  4 manticores (D:12)
  2 cyclopes
  Joseph (D:8)
  Maurice (D:8)
  A black mamba (Lair:1)
  A gargoyle (D:12)
  5 cane toads
  4 komodo dragons
  2 unseen horrors (D:12)
  3 rime drakes
  2 yaktaurs (D:12)
  An ice devil (IceCv)
  An anaconda simulacrum (IceCv)
  A meliai (D:12)
  A polar bear (Lair:3)
  Grinder (D:5)
  6 trolls
  7 blink frogs (Lair:2)
  3 hornets
  7 slime creatures (D:12)
  3 shadows (D:12)
  A vampire (D:12)
  5 wyverns
  35 yaks
  3 wraiths
  2 death yak simulacra (IceCv)
  5 vampire mosquitoes (D:12)
  A steam dragon (D:7)
  Grum (D:8)
  Menkaure (D:6)
  3 acid dragons
  Duvessa (D:6)
  8 water moccasins
  2 orc warriors (D:8)
  3 hornet zombies (Ossuary)
  2 sky beasts
  2 black bears
  9 wolves
  2 ogres
  3 centaurs
  3 phantoms
  5 kobold brigands
  7 bullfrogs
  3 necrophages
  A cane toad simulacrum (IceCv)
  2 scorpions
  3 water moccasin zombies (Ossuary)
  3 wyvern zombies (Ossuary)
  4 wights (D:8)
  Dowan (D:6)
  6 killer bees (D:9)
  2 elephant simulacra (IceCv)
  2 howler monkeys
  9 bullfrog zombies (Ossuary)
  3 centaur zombies (Ossuary)
  5 orc priests
  A hound (shapeshifter) (D:12)
  2 jellies
  2 gnoll shamans
  4 hounds
  4 iguanas
  14 orc wizards
  Natasha (D:2)
  A spriggan simulacrum (IceCv)
  2 polar bear simulacra (IceCv)
  2 wolf simulacra (IceCv)
  3 killer bee zombies (Ossuary)
  13 mummies (Ossuary)
  3 howler monkey zombies (Ossuary)
  12 gnolls
  6 adders
  A naga simulacrum (IceCv)
  A shadow imp (D:5)
  2 white imps
  5 ufetubi
  2 worms (D:2)
  A dart slug (D:1)
  60 orcs
  7 endoplasms
  5 giant cockroaches
  4 goblins
  4 hobgoblins
  4 jackals
  8 quokkas
  4 ball pythons
  8 bats
  2 frilled lizards (D:3)
  21 kobolds
  A quokka zombie (D:8)
  5 rats
  A rat zombie (D:8)
442 creatures vanquished.

Vanquished Creatures (others)
  8 fungi
  2 plants
10 creatures vanquished.

Grand Total: 452 creatures vanquished

Notes
Turn   | Place    | Note
-------+----------+-------------------------------------------
     0 | D:1      | jejorda2 the Palentonga Berserker began the quest for the
                  | Orb.
     0 | D:1      | Reached XP level 1. HP: 19/19 MP: 1/1
   122 | D:1      | Reached XP level 2. HP: 25/25 MP: 2/2
  1047 | D:2      | Reached XP level 3. HP: 26/31 MP: 3/3
  1224 | D:2      | Reached skill level 4 in Axes
  1229 | D:2      | Reached XP level 4. HP: 10/37 MP: 4/4
  1528 | D:2      | Reached ** piety under Trog
  1833 | D:2      | Noticed Natasha
  1840 | D:2      | Killed Natasha
  2341 | D:3      | Reached XP level 5. HP: 41/44 MP: 5/5
  2842 | D:3      | Reached skill level 5 in Axes
  3223 | D:3      | Found a hazy altar of Hepliaklqana.
  3423 | D:4      | Found Uvikhleup's Armour Shoppe.
  3455 | D:4      | Reached XP level 6. HP: 37/51 MP: 6/6
  3701 | D:4      | Reached skill level 1 in Maces & Flails
  3752 | D:4      | Found a staircase to the Ecumenical Temple.
  3753 | D:4      | Reached *** piety under Trog
  3784 | Temple   | Entered the Ecumenical Temple
  3908 | D:4      | Gained mutation: You curl defensively after being hit. (AC
                  | +7*) [Palentonga growth]
  3908 | D:4      | Reached XP level 7. HP: 49/58 MP: 7/7
  4295 | D:4      | Found an ancient bone altar of Kikubaaqudgha.
  4298 | D:4      | Found a shimmering blue altar of Sif Muna.
  4301 | D:4      | Found a radiant altar of Vehumet.
  4372 | D:5      | Entered Level 5 of the Dungeon
  4379 | D:5      | Identified the +3 buckler of Marinaho {Dex+2 Slay+4}
  4386 | D:5      | Reached skill level 5 in Fighting
  4388 | D:5      | Reached skill level 6 in Axes
  4665 | D:5      | Noticed Grinder
  4675 | D:5      | Killed Grinder
  4676 | D:5      | Reached XP level 8. HP: 68/68 MP: 8/8
  5007 | D:5      | Noticed bande's ghost (novice GnWn)
  5018 | D:5      | Found a one-way gate to the infinite horrors of the Abyss.
  5022 | D:5      | Found a transporter.
  5028 | D:5      | Found a transporter.
  5043 | D:5      | Reached skill level 7 in Axes
  5178 | D:5      | Found a broken altar of Ashenzari.
  5430 | D:5      | Found a white marble altar of Elyvilon.
  5567 | D:6      | Noticed Duvessa
  5568 | D:6      | Noticed Dowan
  5575 | D:6      | Killed Duvessa
  5636 | D:6      | Found a sparkling altar of Nemelex Xobeh.
  5647 | D:6      | Identified a scroll of acquirement
  5647 | D:6      | Acquired the +2 broad axe of Exquisite Torment {speed,
                  | rElec rC+}
  5709 | D:6      | Found a glowing silver altar of Zin.
  5721 | D:6      | Killed Dowan
  5722 | D:6      | Reached skill level 8 in Axes
  5722 | D:6      | Reached skill level 5 in Armour
  5831 | D:4      | Bought a +2 pair of gloves for 214 gold pieces
  5979 | D:6      | Identified the +2 leather armour "Faluampof" {rF+ Will-
                  | Str+2}
  6027 | D:6      | Noticed Menkaure
  6031 | D:6      | Killed Menkaure
  6032 | D:6      | Reached skill level 1 in Shields
  6063 | D:6      | Found Badyese's Armour Emporium.
  6312 | D:6      | Noticed Pikel
  6318 | D:6      | Killed Pikel
  6319 | D:6      | Reached skill level 9 in Axes
  6319 | D:6      | Reached XP level 9. HP: 73/73 MP: 9/9
  6670 | D:7      | Reached **** piety under Trog
  6899 | D:7      | Identified the +5 dagger of Tuunah {vorpal, rCorr}
  6985 | D:7      | Reached skill level 10 in Axes
  7575 | D:8      | Noticed a +0 dagger
  7575 | D:8      | Noticed a +0 short sword
  7576 | D:8      | Noticed a +0 short sword
  7576 | D:8      | Noticed a +0 falchion
  7577 | D:8      | Noticed a +0 spear
  7578 | D:8      | Noticed a +0 spear
  7578 | D:8      | Noticed a +0 falchion
  7580 | D:8      | Noticed a +0 dagger
  7608 | D:8      | Found a sand-covered staircase.
  7621 | Ossuary  | Entered an ossuary
  7677 | Ossuary  | Reached XP level 10. HP: 72/81 MP: 10/10
  7684 | Ossuary  | Reached ***** piety under Trog
  7737 | Ossuary  | Reached skill level 1 in Evocations
  7830 | Ossuary  | Reached skill level 11 in Axes
  8016 | D:8      | Found a hide-covered altar of Uskayaw.
  8092 | D:8      | Noticed Grum
  8096 | D:8      | Killed Grum
  8108 | D:8      | Reached skill level 5 in Shields
  8408 | D:8      | Found a shimmering altar of Xom.
  8434 | D:8      | Noticed a two-headed ogre
  8439 | D:8      | Killed a two-headed ogre
  8440 | D:8      | Reached skill level 12 in Axes
  8537 | D:8      | Noticed Maurice
  8547 | D:8      | Killed Maurice
  8738 | D:8      | Found a shadowy altar of Dithmenos.
  8827 | D:8      | Noticed Joseph
  8833 | D:8      | Killed Joseph
  9196 | D:9      | Reached XP level 11. HP: 57/86 MP: 11/11
  9201 | D:9      | Received a gift from Trog
 10056 | D:9      | Found a burning altar of Makhleb.
 10124 | D:9      | Found a staircase to the Lair.
 10218 | D:10     | Entered Level 10 of the Dungeon
 10234 | D:10     | Reached skill level 13 in Axes
 10241 | D:10     | Noticed a two-headed ogre
 10247 | D:10     | Killed a two-headed ogre
 10358 | D:10     | Reached skill level 5 in Evocations
 10429 | D:10     | Found an ornate altar of the Wu Jian Council.
 11059 | D:10     | Noticed a two-headed ogre
 11065 | D:10     | Killed a two-headed ogre
 11305 | D:11     | Found Ytuppae's Armour Shoppe.
 11383 | D:11     | Identified the +4 mace "Erik" {flame, Str+3} (Trog gifted
                  | it to you on level 11 of the Dungeon)
 11383 | D:11     | Received a gift from Trog
 11877 | D:11     | Found a sparkling altar of Nemelex Xobeh.
 11943 | D:12     | Noticed a boulder beetle
 11957 | D:12     | Killed a boulder beetle
 12189 | D:12     | Reached skill level 14 in Axes
 12344 | D:12     | Reached XP level 12. HP: 88/94 MP: 12/12
 12462 | D:12     | Found a staircase to the Orcish Mines.
 12625 | D:12     | Noticed a six-headed hydra
 12636 | D:12     | Killed a four-headed hydra
 12637 | D:12     | Reached skill level 5 in Dodging
 12646 | D:12     | Reached skill level 15 in Axes
 12765 | D:12     | Noticed a two-headed ogre
 12770 | D:12     | Killed a two-headed ogre
 12923 | D:12     | Noticed a two-headed ogre
 12923 | D:12     | Noticed a two-headed ogre
 12929 | D:12     | Killed a two-headed ogre
 12931 | D:12     | Killed a two-headed ogre
 13019 | D:12     | Noticed an ice dragon
 13025 | D:12     | Killed an ice dragon
 13105 | D:12     | Reached skill level 16 in Axes
 13169 | D:12     | Noticed a two-headed ogre
 13170 | D:12     | Noticed a centaur warrior
 13172 | D:12     | Noticed a two-headed ogre
 13176 | D:12     | Killed a two-headed ogre
 13181 | D:12     | Killed a two-headed ogre
 13184 | D:12     | Killed a centaur warrior
 13261 | D:12     | Noticed a tengu warrior
 13275 | D:12     | Killed a tengu warrior
 13275 | D:12     | Received a gift from Trog
 13276 | D:12     | Reached XP level 13. HP: 79/99 MP: 13/13
 13284 | D:12     | Reached skill level 17 in Axes
 14220 | D:11     | Bought a +2 scale mail of poison resistance for 198 gold
                  | pieces
 14322 | Lair:1   | Entered Level 1 of the Lair of Beasts
 14402 | Lair:1   | Identified the ring "Duoxt" {rPois Will+ rCorr EV+4 Dex-5}
 16114 | Lair:2   | Noticed Nergalle
 16120 | Lair:2   | Killed Nergalle
 17073 | Lair:3   | Found a frozen archway.
 17124 | IceCv    | Entered an ice cave
 17149 | IceCv    | Received a gift from Trog
 17188 | IceCv    | Engulfed by a cloud of freezing vapour

Illustrated notes

Levels and vault maps discovered:
D:1:      psy_arrival_statuary, layout_basic
D:2:      layout_loops_ring, st_stairs_10, uniq_natasha
D:3:      layout_basic, worldfamousw_hep_ancestral_shrine, serial_bayou_pond_e
D:4:      layout_loops_ring, grunt_temple_overflow_magic_moments,
          minmay_temple_entry_waves, serial_shops, nicolae_shop_stone
D:5:      layout_rooms, elyvilon_altar_5, nicolae_ashenzari_panopticon,
          gammafunk_ghost_abyssal_escape, uniq_grinder
D:6:      layout_basic, mainiacjoe_overflow_alcove_1,
          mainiacjoe_overflow_boulevard, serial_shops,
          nicolae_shop_competitors_out_of_business, uniq_duvessa, uniq_pikel,
          uniq_menkaure
D:7:      layout_gridville
D:8:      layout_basic, nicolae_dithmenos_the_darkroom,
          nicolae_uskayaw_en_pointe, xom_confusion_cloud, enter_ossuary_4,
          minmay_statues_item, uniq_maurice, uniq_grum, uniq_joseph
D:9:      layout_loops_ring, lightli_temple_of_fire, lair_entry_dummy,
          kennysheep_generic_room_3
D:10:     layout_basic, mainiacjoe_overflow_chevrons
D:11:     layout_loops_ring, serial_shops, nicolae_square_shop,
          nemelex_spade_bored_becter
D:12:     minmay_the_grid_3x3 [minmay_the_grid_odd_star,
          minmay_the_grid_minigrid_small_alt, minmay_the_grid_large_cup,
          minmay_the_grid_embedded, minmay_the_grid_dragon_b,
          minmay_the_grid_expand, minmay_the_grid_all_tris,
          minmay_the_grid_pillar_ring, minmay_the_grid_prize_inner_circle],
          layout_layer_cave
Temple:   nicolae_temple_figure_zero
Lair:1:   layout_cave_pods
Lair:2:   layout_cave_pods, amcnicky_mini_pool_medium, uniq_nergalle
Lair:3:   layout_roguey, elwin_shoals_entry_stream, portal_ice_cave_rime,
          chequers_serial_rivers_micro_c, minmay_lair_oklob_bushes
IceCv:    ice_cave_small_necro

Skill      XL: |  1  2  3  4  5  6  7  8  9 10 11 12 13 |
---------------+----------------------------------------+-----
Armour         | 2 3 4 5 6 |  6.0
Axes           | 4 5 6 9 10 12 14 16 17 | 17.9
Fighting       | 4 5 6 7 |  7.9
Maces & Flails | 1 |  1.4
Shields        | 2 4 6 7 |  7.6
Evocations     | 4 6 |  6.0
Dodging        | 4 6 |  6.0

Action                   |  1- 3 |  4- 6 |  7- 9 | 10-12 | 13-15 || total
-------------------------+-------+-------+-------+-------+-------++-------
Melee: Hand axe          |    66 |   118 |       |       |       ||   184
       Tailslap          |     3 |    14 |    36 |   101 |    35 ||   189
       Flail             |       |    27 |       |       |       ||    27
       Punch             |       |     1 |       |       |       ||     1
       Battleaxe         |       |     9 |    73 |       |       ||    82
       Broad axe         |       |       |   129 |   505 |   236 ||   870
Throw: Javelin           |       |       |     1 |       |       ||     1
Invok: Berserk           |     3 |     6 |     7 |     8 |     4 ||    28
       Trog's Hand       |       |       |     4 |     2 |       ||     6
 Abil: Rolling Charge    |    19 |    29 |    31 |    68 |    40 ||   187
  Use: Scroll            |       |       |    22 |     4 |     4 ||    30
Armor: Animal skin       |    14 |       |       |       |       ||    14
       Ring mail         |     5 |    15 |       |       |       ||    20
       Plate armour      |       |    59 |   147 |   232 |    86 ||   524
       Scale mail        |       |       |       |       |     1 ||     1
Dodge: Dodged            |    34 |    39 |    55 |    52 |    62 ||   242
Block: Buckler           |       |       |    24 |   119 |    46 ||   189

Table legend: (Time is in decaauts)
 A = Elapsed time spent in this place.
 B = Non-inter-level travel time spent in this place.
 C = Inter-level travel time spent in this place.
 D = Time resting spent in this place.
 E = Time spent auto-exploring this place.
 F = Levels seen in this place.
 G = Mean time per level.
                   A        B        C        D        E       F      G
               +--------+--------+--------+--------+--------+-----+--------+
         Total |  17251 |  16138 |   1113 |   1386 |  12363 |  18 |  958.4 |
       Dungeon |  14231 |  13271 |    960 |   1228 |  10103 |  12 | 1185.9 |
        Temple |     86 |     86 |      0 |     84 |      0 |   1 |   86.0 |
          Lair |   2543 |   2391 |    152 |     62 |   2082 |   3 |  847.7 |
       Ossuary |    339 |    339 |      0 |      0 |    178 |   1 |  339.0 |
      Ice Cave |     50 |     50 |      0 |     11 |      0 |   1 |   50.0 |
               +--------+--------+--------+--------+--------+-----+--------+

Top non-repeatable levels by time:
    D:12: 2242 daAuts
  Lair:1: 1432 daAuts
     D:9: 1320 daAuts
     D:1: 1283 daAuts
     D:4: 1281 daAuts
     D:3: 1217 daAuts
     D:2: 1120 daAuts
     D:8: 1103 daAuts
    D:10: 1070 daAuts
  Lair:2: 1020 daAuts
     D:7: 995 daAuts
     D:5: 909 daAuts
     D:6: 860 daAuts
    D:11: 825 daAuts
 Ossuary: 339 daAuts
